 Dungeon Crawl Stone Soup version 0.31-a0-198-g2ad674f65e (webtiles) character file.

Game seed: 6287165445881051943

1115 qw the Skirmisher (level 8, -2/43 (46) HPs)
             Began as a Deep Elf Hunter on June 25, 2023.
             Slain by a wight
             ... wielding a +5 mace of freezing
              (17 damage)
             ... on level 5 of the Dungeon.
             The game lasted 00:01:44 (3516 turns).

qw the Skirmisher (Deep Elf Hunter)                 Turns: 3516, Time: 00:01:45

HP:   -2/43 (46)    AC: 14    Str: 10    XL:     8   Next: 12%
MP:   19/19         EV: 16    Int: 15    God:
Gold: 119           SH:  0    Dex: 18    Spells: 7/7 levels left

rFire   . . .        Y - +0 shortbow (chaos)
rCold   + + .        (shield currently unavailable)
rNeg    . . .        k - +5 ring mail of Ynoossaa {rC++ MP+9}
rPois   .            (no helmet)
rElec   .            (no cloak)
rCorr   +            d - +2 pair of gloves
SInv    .            g - +0 pair of boots
Will    .....        (no amulet)
Stlth   +            j - +5 ring of evasion
HPRegen 0.27/turn    a - ring of resist corrosion
MPRegen 0.16/turn

%: no passive effects
@: drained
A: no striking features
a: no special abilities


You were on level 5 of the Dungeon.
You visited 1 branch of the dungeon, and saw 5 of its levels.
You also visited: Sewer.

You collected 223 gold pieces.
You spent 104 gold pieces at shops.


   Skills:
 - Level 3.2 Fighting
 - Level 12.1 Ranged Weapons
 - Level 1.3 Armour
 + Level 3.4 Dodging
 - Level 1.2 Stealth


You had 7 spell levels left.
You didn't know any spells.
Your spell library was empty.

Inventory:

Hand Weapons
 Y - a +0 shortbow of chaos (weapon)
Armour
 d - a +2 pair of gloves (worn)
 g - a +0 pair of boots (worn)
 k - the +5 ring mail of Ynoossaa (worn) {rC++ MP+9}
   (You found it on level 2 of the Dungeon)

   rC:        It greatly protects you from cold.
   MP:        It affects your magic capacity (+9).
Jewellery
 a - a ring of resist corrosion (right hand)
 j - a +5 ring of evasion (left hand)
Scrolls
 l - a scroll of teleportation
Potions
 b - a potion of might
 c - a potion of haste
 e - a potion of mutation {unknown}
 f - a potion of lignification {unknown}
 h - a potion of cancellation
 i - a potion of attraction {unknown}
 m - a potion of heal wounds {unknown}
 n - a potion of brilliance {unknown}
 o - a potion of invisibility {unknown}

Dungeon Overview and Level Annotations

Branches:
Dungeon (5/15)              Sewer (visited)
 Temple: D:4-7

Altars:

Shops:
D:1 *   D:2 =   D:3 *

Annotations:
Abyss:1 Eustachio


Message History

The arrow hits the wight but does no damage.
The wight is lightly damaged.
You shoot an arrow. The arrow closely misses the wight.
You shoot an arrow.
The arrow hits the wight but does no damage.
The wight is lightly damaged.
The wight hits you with a +5 mace of freezing.
You feel drained.
You shoot an arrow. The arrow barely misses the wight.
The wight is no longer moving slowly.
The wight barely misses you. x2
You shoot an arrow. The arrow hits the wight!
The wight seems to slow down.
The wight is heavily damaged.
The wight misses you.
You shoot an arrow. The arrow completely misses the wight.
The wight closely misses you.
You shoot an arrow. The arrow hits the wight.
The wight suddenly seems more agile.
The wight is severely damaged.
You shoot an arrow.
The arrow hits the wight but does no damage.
The wight seems to grow stronger.
The wight is severely damaged.
The wight closely misses you.
You shoot an arrow.
The arrow hits the wight but does no damage.
The wight easily resists.
The wight is severely damaged.
The wight is no longer moving slowly.
The wight hits you with a +5 mace of freezing!!
The wight freezes you. The wight misses you.
You shoot an arrow.
The arrow hits the wight but does no damage.
The wight is severely damaged.
The wight hits you with a +5 mace of freezing.
You feel drained. The wight barely misses you. The wight closely misses you.
You shoot an arrow.
The arrow hits the wight but does no damage.
The wight is severely damaged.
The wight hits you with a +5 mace of freezing!
You die...

#.#####...........# #.#
#.........).#
#.####.#####....%......#
#.........##...........#
######.##.##...........#
#.##.#######|.....#
######.##.# #......#
#.........# ########
#.####z@### #........#
#.z.####.# #.#.# #. ..
#. ... ## #.. ...


You could see 2 wights.

Vanquished Creatures
  Pargi (Sewer)
  A scorpion (D:4)
  4 wights (D:5)
  A howler monkey (D:4)
  2 vampire bats
  A hound (D:5)
  2 orc priests
  2 iguanas (D:5)
  2 orc wizards (D:3)
  8 adders
  3 gnolls (D:3)
  3 fire bats (D:4)
  15 orcs
  2 spectral bats (D:4)
  5 ball pythons
  3 bat skeletons (D:4)
  A bat zombie (D:4)
  6 endoplasms
  18 giant cockroaches
  6 goblins
  6 hobgoblins
  4 kobolds
  7 quokkas (D:3)
  29 bats
  A bat simulacrum (D:4)
  A frilled lizard (D:2)
  2 rats (D:3)
136 creatures vanquished.

Notes
Turn   | Place    | Note
-------+----------+-------------------------------------------
     0 | D:1      | qw the Deep Elf Hunter began the quest for the Orb.
     0 | D:1      | Reached XP level 1. HP: 12/12 MP: 3/3
     0 | D:1      | 0 ||| qw: Version: 0.3-a-22-g0ed2b0b
     0 | D:1      | 0 ||| qw: Game counter: 5044
     0 | D:1      | 0 ||| qw: Melee chars always use a shield: true
     0 | D:1      | 0 ||| qw: God list: Okawaru
     0 | D:1      | 0 ||| qw: Allow faded altars: false
     0 | D:1      | 0 ||| qw: Do Orc after clearing Dungeon:15 true
     0 | D:1      | 0 ||| qw: Do second Lair branch before Depths: true
     0 | D:1      | 0 ||| qw: Lair rune preference: random
     0 | D:1      | 0 ||| qw: Goals: Normal
     0 | D:1      | 0 ||| PLANNING D:1-11
   292 | D:1      | Reached XP level 2. HP: 16/16 MP: 4/4
   309 | D:1      | Reached skill level 6 in Ranged Weapons
   391 | D:1      | Found Poulydd's General Store.
   412 | D:1      | 412 ||| SHOPLISTING +2 robe of fire resistance (212 gold,
                  | have 24).
   412 | D:1      | 412 ||| SHOPLISTING scroll of enchant weapon (90 gold, have
                  | 24).
   787 | D:1      | 787 ||| UPGRADING to +2 pair of gloves.
   792 | D:1      | 792 ||| UPGRADING to +0 ring mail.
   802 | D:1      | 802 ||| DROPPING +0 leather armour.
   803 | D:1      | 803 ||| UPGRADING to +0 pair of boots.
   808 | D:1      | 808 ||| UPGRADING to +5 ring of evasion.
   809 | D:1      | 809 ||| READING scroll labelled MANTOMM QOSUFE.
   810 | D:1      | 810 ||| READING scroll labelled FILEPRA YBBOTEUGG.
   811 | D:1      | 811 ||| READING scroll labelled QUIHYE PAHA.
   814 | D:1      | 814 ||| READING scroll labelled PAFRAM SYSI.
   815 | D:1      | 815 ||| DROPPING scroll of butterflies.
   912 | D:2      | Found Rututuiv's Jewellery Boutique.
   916 | D:2      | 916 ||| SHOPLISTING +6 ring of dexterity (432 gold, have
                  | 32).
   916 | D:2      | 916 ||| SHOPLISTING ring of fire (300 gold, have 32).
   916 | D:2      | 916 ||| SHOPLISTING ring of protection from cold (300 gold,
                  | have 32).
   916 | D:2      | 916 ||| SHOPLISTING ring of willpower (300 gold, have 32).
   945 | D:2      | Reached XP level 3. HP: 20/20 MP: 5/5
  1039 | D:2      | Reached skill level 7 in Ranged Weapons
  1223 | D:2      | Identified the +5 ring mail of Ynoossaa {rC++ MP+9}
  1335 | D:2      | Reached XP level 4. HP: 25/25 MP: 6/6
  1441 | D:2      | 1441 ||| UPGRADING to +5 ring mail of Ynoossaa {rC++ MP+9}.
  1451 | D:2      | 1451 ||| DROPPING +0 ring mail.
  1516 | D:2      | 1516 ||| UPGRADING to ring of resist corrosion.
  1517 | D:2      | 1517 ||| READING scroll labelled ODDIRED AREH.
  1518 | D:2      | 1518 ||| READING scroll labelled DASTIA TAEPS.
  1519 | D:2      | 1519 ||| READING scroll labelled KEIDUTH YSUL.
  1520 | D:2      | 1520 ||| READING scroll labelled LASAJAISIQ.
  1521 | D:2      | 1521 ||| DRINKING 2 cyan potions.
  1523 | D:2      | 1523 ||| Stepping ~*~*~tactically~*~*~ (cloud).
  1524 | D:2      | 1524 ||| DRINKING potion of curing.
  1524 | D:2      | 1524 ||| (to cure poison)
  1571 | D:3      | 1571 ||| PLANNING SEWER
  1582 | D:3      | Found a faded altar of an unknown god.
  1676 | D:3      | Reached skill level 8 in Ranged Weapons
  1677 | D:3      | Reached XP level 5. HP: 29/29 MP: 7/7
  1751 | D:3      | 1751 ||| Stepping ~*~*~tactically~*~*~ (outnumbered).
  1753 | D:3      | 1753 ||| Stepping ~*~*~tactically~*~*~ (outnumbered).
  1755 | D:3      | 1755 ||| Stepping ~*~*~tactically~*~*~ (outnumbered).
  1757 | D:3      | 1757 ||| Stepping ~*~*~tactically~*~*~ (outnumbered).
  1759 | D:3      | 1759 ||| Stepping ~*~*~tactically~*~*~ (outnumbered).
  1761 | D:3      | 1761 ||| Stepping ~*~*~tactically~*~*~ (outnumbered).
  1764 | D:3      | 1764 ||| Stepping ~*~*~tactically~*~*~ (outnumbered).
  1766 | D:3      | 1766 ||| Stepping ~*~*~tactically~*~*~ (outnumbered).
  1784 | D:3      | Reached skill level 9 in Ranged Weapons
  1916 | D:3      | Reached skill level 1 in Armour
  1916 | D:3      | Reached XP level 6. HP: 35/35 MP: 8/8
  1997 | D:3      | 1997 ||| Stepping ~*~*~tactically~*~*~ (water).
  2012 | D:3      | Found a glowing drain.
  2013 | D:3      | 2013 ||| Stepping ~*~*~tactically~*~*~ (water).
  2039 | D:3      | 2039 ||| DROPPING ring of wizardry.
  2040 | D:3      | 2040 ||| DRINKING 2 black potions.
  2045 | D:3      | 2045 ||| Stepping ~*~*~tactically~*~*~ (water).
  2051 | D:3      | 2051 ||| Stepping ~*~*~tactically~*~*~ (water).
  2058 | Sewer    | Entered a sewer
  2086 | Sewer    | Noticed Pargi
  2096 | Sewer    | Killed Pargi
  2138 | D:3      | 2138 ||| PLANNING D:1-11
  2301 | D:3      | Found Oqassim's General Store.
  2311 | D:3      | 2311 ||| BUYING potion of cancellation (104 gold).
  2311 | D:3      | Bought a potion of cancellation for 104 gold pieces
  2643 | D:4      | Reached skill level 10 in Ranged Weapons
  2846 | D:4      | Reached skill level 3 in Dodging
  2846 | D:4      | Reached XP level 7. HP: 40/40 MP: 9/9
  2874 | D:4      | 2874 ||| Stepping ~*~*~tactically~*~*~ (outnumbered).
  2880 | D:4      | Noticed Eustachio
  2896 | D:4      | Banished Eustachio
  2897 | D:4      | Reached skill level 11 in Ranged Weapons
  3119 | D:4      | Identified the +4 mace "Joips" {flame, rElec}
  3149 | D:5      | Entered Level 5 of the Dungeon
  3156 | D:5      | 3156 ||| STAIRDANCE
  3210 | D:5      | 3210 ||| STAIRDANCE
  3384 | D:5      | Reached skill level 12 in Ranged Weapons
  3453 | D:5      | Reached XP level 8. HP: 43/45 MP: 10/10
  3501 | D:5      | Reached skill level 3 in Fighting
  3516 | D:5      | Slain by a wight

Levels and vault maps discovered:
D:1:      enne_arrival_octagon_isle, layout_loops_ring, serial_forest,
          infiniplex_forest_clump_small, infiniplex_forest_end_3,
          infiniplex_forest_fountain, infiniplex_forest_clump_small,
          infiniplex_forest_straight_2, serial_shops, shop
D:2:      layout_loops_ring, serial_shops, shop
D:3:      minmay_roachtagon, layout_basic, serial_shops,
          nicolae_shop_tiny_waterfront, basic_ecumenical_altar,
          gup_sewer_entry_pipe, roderic_batcave, chequers_serial_rivers_large_a
D:4:      layout_basic, goddamned_bats, uniq_eustachio
D:5:      layout_basic

Skill      XL: |  1  2  3  4  5  6  7  8 |
---------------+-------------------------+-----
Ranged Weapons | 6 7 8 9 10 12 | 12.1
Fighting       | 2 3 |  3.2
Armour         | 1 |  1.3
Dodging        | 3 |  3.4
Stealth        | |  1.2

Action                     |  1- 3 |  4- 6 |  7- 9 || total
---------------------------+-------+-------+-------++-------
   Fire: Shortbow          |    76 |   210 |   128 ||   414
    Use: Scroll            |     4 |     4 |       ||     8
         Potion            |       |     3 |       ||     3
 Armour: Leather armour    |     2 |       |       ||     2
         Ring mail         |     4 |    35 |    35 ||    74
  Dodge: Dodged            |    20 |    94 |    95 ||   209

Table legend:
 A = Non-vault XP
 B = Vault XP
 C = Vault XP percentage of total XP
 D = Non-vault monster count
 E = Vault monster count
 F = Vault count percentage of total count
                 A         B        C        D         E       F
            +---------+---------+-------+---------+---------+-------
      Total |     978 |     615 |  38.6 |      84 |      53 |  38.7
            +---------+---------+-------+---------+---------+-------
        D:1 |      20 |       0 |   0.0 |      11 |       0 |   0.0
        D:2 |      91 |       0 |   0.0 |      20 |       0 |   0.0
        D:3 |     219 |     104 |  32.2 |      30 |      27 |  47.4
        D:4 |     234 |     377 |  61.7 |      16 |      21 |  56.8
        D:5 |     414 |       0 |   0.0 |       7 |       0 |   0.0
      Sewer |       0 |     134 | 100.0 |       0 |       5 | 100.0
            +---------+---------+-------+---------+---------+-------
